AoeStats
← rfx

Arena

510398601Analyzed
2v2 RM · 15h ago on Sep 30, 2026· 59m 22s· 4 players
Game mode
Random Map
Map size
Medium (4 player)
Population
200
Speed
Normal
Resources
Standard
Victory
Conquest
Starting age
Dark Age
Ending age
Imperial Age
RankedLock teamsTeams togetherTeam positionsShared explorationLock speedFull tech treeHidden civsTurbo modeCheats
Victory
Defeat
🇷🇴 Ethiopians · Romania
694
+13
🇷🇴 Teutons · Romania
678
+14
🇲🇽 Persians · Mexico
666
-15
🇩🇪 Britons · Germany
600
-12
PoisonSoup91
Heistergand
0:44 Loom
3:15 Loom
13:14 Feudal Age
15:14 Double-Bit Axe
15:11 Horse Collar
18:27 Castle Age
18:05 Gold Mining
18:06 Stone Mining
19:41 Wheelbarrow
19:30 Heavy Plow
19:42 Bow Saw
20:35 Squires
22:25 Light Cavalry
23:44 Town Watch
28:53 Forging
34:05 Imperial Age
32:16 Scale Mail Armor
32:37 Pikeman
34:12 Yeomen
35:54 Hoardings
35:44 Hand Cart
36:11 Scale Barding Armor
36:23 Capped Ram
39:17 Conscription
41:31 Hoardings
41:11 Arson
42:30 Iron Casting
42:14 Chain Mail Armor
44:23 Blast Furnace
44:31 Halberdier
45:59 Gold Shaft Mining
46:28 Two-Man Saw
46:17 Ballistics
47:13 Plate Mail Armor
47:23 Town Patrol
49:03 Chemistry
47:59 Murder Holes
48:52 Siege Engineers
49:33 Fletching
49:44 Padded Archer Armor
49:58 Masonry
49:29 Treadmill Crane
50:01 Fortified Wall
50:31 Husbandry
49:52 Cavalier
53:20 Architecture
53:58 Warwolf
Serget Alupigus
8:53 Feudal Age
9:19 Double-Bit Axe
9:19 Horse Collar
16:38 Wheelbarrow
16:29 Stone Mining
17:11 Gold Mining
20:40 Castle Age
22:00 Bow Saw
22:55 Heavy Plow
29:24 Hand Cart
29:29 Fervor
31:36 Caravan
33:41 Scale Barding Armor
33:46 Forging
33:37 Scale Mail Armor
38:08 Imperial Age
37:41 Bloodlines
39:49 Conscription
39:40 Cavalier
43:58 Chemistry
44:18 Heated Shot
44:35 Siege Engineers
45:10 Paladin
45:28 Elite Teutonic Knight
46:57 Capped Ram
48:33 Town Watch
49:31 Stone Shaft Mining
50:43 Town Patrol
rfx
3:38 Loom
9:28 Feudal Age
10:15 Double-Bit Axe
12:30 Horse Collar
16:30 Gold Mining
16:32 Stone Mining
17:21 Wheelbarrow
19:13 Town Watch
22:21 Castle Age
21:21 Fletching
21:31 Padded Archer Armor
21:42 Forging
21:32 Scale Mail Armor
21:37 Scale Barding Armor
22:46 Scale Barding Armor
24:18 Bow Saw
24:09 Heavy Plow
24:47 Gold Shaft Mining
24:48 Stone Shaft Mining
25:22 Caravan
26:19 Thumb Ring
26:53 Elite Skirmisher
27:41 Crossbowman
31:01 Ballistics
30:42 Bodkin Arrow
31:02 Leather Archer Armor
31:09 Chain Barding Armor
32:12 Hand Cart
31:58 Town Patrol
33:32 Careening
33:20 Murder Holes
34:13 Husbandry
40:24 Imperial Age
38:25 Royal Heirs
40:57 Iron Casting
40:22 Scale Mail Armor
40:45 Onager
41:48 Conscription
41:39 Cavalier
41:39 Heavy Camel Rider
43:58 Two-Man Saw
44:29 Arbalester
47:23 Siege Onager
49:06 Torsion Engines
49:24 Bracer
49:54 Ring Archer Armor
50:11 Siege Engineers
51:12 Ring Archer Armor
51:42 Blast Furnace
50:57 Chain Mail Armor
53:57 Elite Shotel Warrior
56:41 Sappers
Connection lost

Rejoining the realm…

Still unreachable

The connection could not be restored.

Session expired

The server has moved on; the page needs a fresh start.